 Dungeon Crawl Stone Soup version 0.26.1-11-gd32895ea62 (webtiles) character file.

Game seed: 11185725965301489970

49 DildoBatman the Conjurer (level 4, 0/30 HPs)
             Began as a Formicid Conjurer on July 21, 2021.
             Slain by a kobold
             ... wielding a +0 dagger
              (1 damage)
             ... on level 3 of the Dungeon.
             The game lasted 00:02:45 (1198 turns).

DildoBatman the Conjurer (Formicid Conjurer)        Turns: 1198, Time: 00:02:45

Health: 0/30       AC:  2    Str: 12    XL:     4   Next: 1%
Magic:  7/7        EV: 12    Int: 17    God:
Gold:   18         SH:  0    Dex: 10    Spells: 4/7 levels left

rFire    . . .     SeeInvis +   h - +0 whip
rCold    . . .     Faith    .   (no shield)
rNeg     . . .     Spirit   .   a - +0 robe
rPois    .         Reflect  .   (helmet unavailable)
rElec    .         Harm     .   (no cloak)
rCorr    .         Rampage  .   (no gloves)
Will     .....                  (no boots)
Stlth    ++........             (no amulet)
HPRegen  0.10/turn              (no ring)
MPRegen  0.10/turn              (no ring)

@: no status effects
A: permanent stasis, dig shafts and tunnels, four strong arms, antennae 3
a: Dig, Shaft Self


You were on level 3 of the Dungeon.
You visited 1 branch of the dungeon, and saw 3 of its levels.

You collected 18 gold pieces.

Inventory:

Hand Weapons
 h - a +0 whip (weapon)
Missiles
 d - 31 stones
 i - 16 poisoned darts
 k - 23 sling bullets
Armour
 a - a +0 robe (worn)
Scrolls
 f - a scroll of enchant armour {unknown}
 g - 2 scrolls of teleportation {unknown}
 j - 6 scrolls of identify {unknown}
 l - a scroll of magic mapping {unknown}
Potions
 b - 2 potions of curing {unknown}
 c - a potion of flight {unknown}
 e - a potion of attraction {unknown}


   Skills:
 - Level 1.7 Dodging
 - Level 2.4 Stealth
 - Level 2.1 Spellcasting
 * Level 4.8 Conjurations


You had 4 spell levels left.
You knew the following spells:

 Your Spells              Type           Power        Failure   Level
a - Searing Ray           Conj           36%          3%          2
c - Magic Dart            Conj           72%          2%          1

Your spell library contained the following spells:

 Spells                   Type           Power        Failure   Level
 Dazzling Flash           Conj/Hex       20%          22%         3
 Fulminant Prism          Conj/Hex       5%           56%         4
 Iskenderun's Mystic Bla  Conj/Tloc      10%          56%         4


Dungeon Overview and Level Annotations

Branches:
Dungeon (3/15)

Altars:


Innate Abilities, Weirdness & Mutations

You cannot be hasted, slowed, berserked, paralysed or teleported.
You can dig through walls and to a lower floor.
Your four strong arms can wield two-handed weapons with a shield.
You have a pair of large antennae on your head. (SInv)


Message History

The kobold hits you with a +0 dagger. The hobgoblin completely misses you.
What are your orders? t - Shout!
Orders for allies: a - Attack new target. r - Retreat! s - Stop attacking. g - Guard the area. f - Follow me.
Anything else - Cancel.
You shout for attention!
The kobold hits you with a +0 dagger. The hobgoblin barely misses you.
What are your orders? t - Shout!
Orders for allies: a - Attack new target. r - Retreat! s - Stop attacking. g - Guard the area. f - Follow me.
Anything else - Cancel.
You shout for attention!
The kobold hits you with a +0 dagger.
You die...

#. # #. #. #.
###.##. #......
#.....r
......K######.#
#.....g@......#
#......#.####.#
###.###.## #
#.## ##.# #.##
##.# #.## ##.#


You could see a hobgoblin, a kobold and a rat.

Vanquished Creatures
  2 adders (D:2)
  2 dart slugs
  A ball python (D:2)
  2 bats (D:2)
  A giant cockroach (D:2)
  2 goblins
  4 hobgoblins
  2 jackals (D:2)
  5 kobolds
  4 rats
25 creatures vanquished.

Vanquished Creatures (others)
  9 plants (D:1)
9 creatures vanquished.

Grand Total: 34 creatures vanquished

Notes
Turn   | Place    | Note
-------+----------+-------------------------------------------
     0 | D:1      | DildoBatman the Formicid Conjurer began the quest for the
                  | Orb.
     0 | D:1      | Reached XP level 1. HP: 13/13 MP: 3/3
   256 | D:1      | Reached skill level 4 in Conjurations
   256 | D:1      | Reached XP level 2. HP: 5/19 MP: 0/5
   329 | D:1      | Learned a level 2 spell: Searing Ray
   897 | D:2      | Reached XP level 3. HP: 23/24 MP: 0/6
  1122 | D:2      | Reached XP level 4. HP: 30/30 MP: 3/7
  1197 | D:3      | HP: 1/30 [kobold/+0 dagger (4)]
  1198 | D:3      | Slain by a kobold

Illustrated notes

Levels and vault maps discovered:
D:1:      dpeg_arrival_rooms_a, layout_loops_ring, serial_bayou,
          serial_bayou_pond_e, serial_bayou_pond_c, serial_bayou_pond_c,
          serial_bayou_crossing
D:2:      layout_loops_ring, trog_three_pillars_becter
D:3:      layout_loops_ring, ashenzari_altar_1, lemuel_doored_altar

Skill      XL: |  1 |
---------------+----+-----
Conjurations   | 4 |  4.8
Dodging        | |  1.7
Stealth        | |  2.4
Spellcasting   | |  2.1

Action                   |  1- 3 |  4- 6 || total
-------------------------+-------+-------++-------
Melee: Unarmed           |     2 |       ||     2
       Whip              |    15 |       ||    15
 Cast: Magic Dart        |    27 |       ||    27
       Searing Ray       |     7 |       ||     7
 Abil: Dig               |     2 |     1 ||     3
 Stab: Sleeping          |     1 |       ||     1
Armor: Robe              |     7 |     2 ||     9
Dodge: Dodged            |    28 |    30 ||    58
